Islanders vs Blackhawks

Created - November 23, 2024 at 09:25

Goals
1 2 3 OT1 T
Islanders 0 1 2 0 3
Blackhawks 1 0 2 1 4
Shots
1 2 3 OT1 T
Islanders 4 2 11 0 17
Blackhawks 9 5 12 4 30

1st period

1. Blackhawks , Mike Amadio 2 (PK Subban 2, Jakob Chychrun 4) at 17:47

Penalties :
Jakob Silfverberg (Chi) for Interference (Minor) at 10:31, Kellan Lain (NyI) for Hooking (Minor) at 15:26

2nd period

2. Islanders , Dylan McIlrath 1 (Jason Akeson 1, Michael Latta 3) at 0:39

Penalties :
Jakob Chychrun (Chi) for High sticking (Minor) at 1:59, Ryan Ellis (NyI) for Slashing (Double Minor) at 9:39

3rd period

3. Blackhawks , Erik Haula 1 (Radko Gudas 5, Timo Meier 2) at 0:52
4. Islanders , Vladimir Tarasenko 8 (Brayden Schenn 12) at 2:20
5. Blackhawks , Jakob Silfverberg 5 (Adrian Kempe 4, Erik Haula 5) at 16:20 (PP)
6. Islanders , Michael Latta 2 (Ryan Ellis 10) at 19:52

Penalties :
Brock McGinn (NyI) for Tripping (Minor) at 3:38, Michael Latta (NyI) for Tripping (Minor) at 15:30

Overtime #1

7. Blackhawks , Derek Stepan 11 (Erik Haula 6, Antoine Roussel 11) at 3:27

Penalties :
No Penalty

Goalie Stats

Tyler Weiman (NyI), 26 saves from 30 shots - (0.867), OTL, 6-5-1, 63:27 minutes
Cam Ward (Chi), 14 saves from 17 shots - (0.824), W, 4-1-1, 63:27 minutes

Players Stats for Islanders

Player Name              G  A  P  +/- PIM S  H  SB GA TA FO     MP     PP MP  PK MP  
------------------------------------------------------------------------------------
Brady Skjei              0  0  0  -1  0   0  4  0  0  0  0/0    13:40   0:00   2:33 
Brandon Sutter           0  0  0   0  0   0  0  0  0  0  1/2     1:22   0:00   0:00 
Brayden Schenn           0  1  1  -1  0   2  1  1  0  2  12/26  24:57   2:08   4:19 
Brian Ferlin             0  0  0   0  0   2  0  0  0  0  0/0    10:00   0:15   0:19 
Brock McGinn             0  0  0  -1  2   3  2  2  0  0  2/3    21:24   2:00   2:59 
Dylan McIlrath           1  0  1   0  0   1  1  1  0  1  0/0    20:58   1:43   2:46 
Emerson Etem             0  0  0   1  0   0  0  0  1  0  0/0    12:58   0:00   2:58 
Gabriel Carlsson         0  0  0  -1  0   0  1  1  0  0  0/0    13:40   0:00   1:48 
Garnet Hathaway          0  0  0   0  0   0  2  0  0  0  1/1    16:37   1:58   0:00 
Jamie Arniel             0  0  0   0  0   2  1  1  0  0  1/3    13:01   0:23   3:02 
Jason Akeson             0  1  1   1  0   1  2  0  0  0  1/2    10:03   0:00   0:00 
Kellan Lain              0  0  0  -1  2   0  0  3  1  0  0/0    18:59   1:58   2:22 
Michael Latta            1  1  2   2  2   3  2  1  0  0  4/11   21:12   1:27   1:07 
Nikita Zadorov           0  0  0   1  0   0  2  4  1  3  0/0    28:02   2:15   4:50 
Ryan Ellis               0  1  1   2  4   1  1  4  1  4  0/0    26:53   2:15   3:04 
Sergei Plotnikov         0  0  0   0  0   1  1  0  0  0  0/1     9:14   0:00   0:28 
Vladimir Tarasenko       1  0  1   0  0   1  0  0  3  0  1/1    17:30   1:45   0:00 
Yann Sauvé               0  0  0   0  0   0  0  2  1  1  0/0    21:00   1:43   2:33 

Players Stats for Blackhawks

Player Name              G  A  P  +/- PIM S  H  SB GA TA FO     MP     PP MP  PK MP  
------------------------------------------------------------------------------------
Adrian Kempe             0  1  1  -1  0   2  2  0  2  1  0/1    13:32   3:44   0:41 
Andrew Ladd              0  0  0   0  0   0  4  1  0  0  0/0    10:13   0:59   0:00 
Antoine Roussel          0  1  1  -1  0   2  3  0  0  2  3/3    22:40   4:04   1:14 
Dalton Prout             0  0  0   0  0   0  3  0  0  1  0/0    15:02   2:12   0:00 
Derek Stepan             1  0  1   0  0   5  1  0  1  0  8/20   21:32   4:04   0:30 
Erik Haula               1  2  3   1  0   2  2  0  0  0  7/12   19:23   3:44   2:14 
Jakob Chychrun           0  1  1   1  2   0  1  0  0  0  0/0    17:00   2:58   0:00 
Jakob Silfverberg        1  0  1   0  2   1  1  0  0  0  0/0    17:46   3:42   0:00 
Joe Pavelski             0  0  0   0  0   0  0  1  1  0  0/0    10:02   1:01   0:00 
Mike Amadio              1  0  1  -1  0   1  1  0  0  1  0/1    13:05   0:00   2:03 
Mikko Rantanen           0  0  0   0  0   4  1  1  5  0  4/4    20:18   4:04   0:00 
PK Subban                0  1  1   0  0   3  3  0  1  0  0/0    23:05   2:58   1:35 
Radko Gudas              0  1  1   1  0   3  2  1  0  0  0/0    23:54   4:14   2:23 
Robert Hagg              0  0  0  -1  0   2  0  1  0  0  0/0    15:47   0:42   1:35 
Stefan Matteau           0  0  0   0  0   1  1  0  0  0  1/2    10:00   0:59   0:00 
Timo Meier               0  1  1   1  0   0  0  0  0  1  0/0    12:50   0:00   0:00 
Will Butcher             0  0  0  -2  0   3  2  2  1  2  0/0    29:02   4:30   2:23 
William Karlsson         0  0  0   0  0   1  1  0  0  0  4/7    11:10   0:00   1:14 

3 Stars

1 - Erik Haula (Chi)
2 - Michael Latta (NyI)
3 - Derek Stepan (Chi)

Power Play

Islanders - 0 on 2 Attempt(s) - 0.00%
Blackhawks - 1 on 5 Attempt(s) - 20.00%

Penalty Kill

Islanders - 4 on 5 Attempt(s) - 80.00% - Score 0 goal in Penalty Kill
Blackhawks - 2 on 2 Attempt(s) - 100.00% - Score 0 goal in Penalty Kill

Team Stat

Islanders - Hits : 20 - Faceoff Wins : 23 - Blocked Shots : 20 - Penalty Minutes : 10
Blackhawks - Hits : 28 - Faceoff Wins : 27 - Blocked Shots : 7 - Penalty Minutes : 4

Official

Referees : Gord Dwyer and Marc Joannette
Linesman : Bryan Pancich and Shandor Alphonso

Game Notes

Brandon Sutter is injured at 4:40 of 1st period (Bruised Right Leg)

Finance

Level 1 -- Attendance: 5292 (88.20%) -- Ticket Income $529,200
Level 2 -- Attendance: 4948 (98.96%) -- Ticket Income $346,360
Level 3 -- Attendance: 1986 (99.30%) -- Ticket Income $79,440
Level 4 -- Attendance: 4000 (100.00%) -- Ticket Income $120,000
Luxury Box -- Attendance: 907 (90.70%) -- Ticket Income $181,400
Game was played at the United Center.
Total Attendance: 17133 (95.18%)
Total Ticket Income: $1,256,400
Other Income: $188,460
Total Income: $1,444,860

Islanders

5 vs 5 Forward 
   Center                   Left Wing                Right Wing               Time % Phy DF OF 
 1 Brayden Schenn           Brock McGinn             Vladimir Tarasenko       40     1   2  2  
 2 Brandon Sutter           Kellan Lain              Garnet Hathaway          30     1   2  2  
 3 Michael Latta            Emerson Etem             Jason Akeson             20     1   2  2  
 4 Jamie Arniel             Sergei Plotnikov         Brian Ferlin             10     1   2  2  

5 vs 5 Defense 
   Defense                  Defense                                           Time % Phy DF OF 
 1 Ryan Ellis               Nikita Zadorov                                    40     1   2  2  
 2 Yann Sauvé               Dylan McIlrath                                    30     1   2  2  
 3 Brady Skjei              Gabriel Carlsson                                  20     1   2  2  
 4 Ryan Ellis               Nikita Zadorov                                    10     1   2  2  

PowerPlay Forward 
   Center                   Left Wing                Right Wing               Time % Phy DF OF 
 1 Brayden Schenn           Brock McGinn             Vladimir Tarasenko       60     1   2  2  
 2 Brandon Sutter           Kellan Lain              Garnet Hathaway          40     1   2  2  

PowerPlay Defense
   Defense                  Defense                                           Time % Phy DF OF 
 1 Ryan Ellis               Nikita Zadorov                                    60     1   2  2  
 2 Yann Sauvé               Dylan McIlrath                                    40     1   2  2  

Penalty Kill 4 Players Forward 
   Center                   Wing                     Time % Phy DF OF 
 1 Brayden Schenn           Brock McGinn             60     1   2  2  
 2 Brandon Sutter           Kellan Lain              40     1   2  2  

Penalty Kill 4 Players Defense
   Defense                  Defense                  Time % Phy DF OF 
 1 Ryan Ellis               Nikita Zadorov           60     1   2  2  
 2 Yann Sauvé               Dylan McIlrath           40     1   2  2  

Penalty Kill - 3 Players Forward 
   Forward                                           Time % Phy DF OF 
 1 Brayden Schenn                                    60     1   2  2  
 2 Brandon Sutter                                    40     1   2  2  

Penalty Kill - 3 Players Defense
   Defense                  Defense                  Time % Phy DF OF 
 1 Ryan Ellis               Nikita Zadorov           60     1   2  2  
 2 Yann Sauvé               Dylan McIlrath           40     1   2  2  

4 vs 4 Forward 
   Center                   Wing                     Time % Phy DF OF 
 1 Brayden Schenn           Brock McGinn             60     1   2  2  
 2 Brandon Sutter           Kellan Lain              40     1   2  2  

4 vs 4 Defense
   Defense                  Defense                  Time % Phy DF OF 
 1 Ryan Ellis               Nikita Zadorov           60     1   2  2  
 2 Yann Sauvé               Dylan McIlrath           40     1   2  2  

Last Minutes Offensive
   Center                   Left Wing                Right Wing               Defense                  Defense                  
   Brayden Schenn           Brock McGinn             Vladimir Tarasenko       Ryan Ellis               Nikita Zadorov           

Last Minutes Defensive
   Center                   Left Wing                Right Wing               Defense                  Defense                  
   Brayden Schenn           Brock McGinn             Vladimir Tarasenko       Ryan Ellis               Nikita Zadorov           

Goaltenders
Starting : Tyler Weiman             
Backup : Joonas Korpisalo         

Extra Forwards
Normal : Brandon Sutter, Michael Latta, Garnet Hathaway - PP : Brandon Sutter, Michael Latta - PK : Brandon Sutter
Extra Defensemen
Normal : Dylan McIlrath, Brady Skjei, Gabriel Carlsson - PP : Dylan McIlrath - PK : Dylan McIlrath, Brady Skjei
Penalty Shots
Vladimir Tarasenko, Brayden Schenn, Brock McGinn, Kellan Lain, Brandon Sutter
Custom OT Lines Forwards
Vladimir Tarasenko, Brayden Schenn, Brock McGinn, Kellan Lain, Brandon Sutter, Michael Latta, Garnet Hathaway, Jason Akeson, Emerson Etem, Jamie Arniel
Custom OT Lines Defensemen
Ryan Ellis, Nikita Zadorov, Yann Sauvé, Brady Skjei, Dylan McIlrath

Scratches
Jordan Greenway (Healthy)

Blackhawks

5 vs 5 Forward 
   Center                   Left Wing                Right Wing               Time % Phy DF OF 
 1 Derek Stepan             Antoine Roussel          Mikko Rantanen           40     1   2  2  
 2 Erik Haula               Timo Meier               Jakob Silfverberg        30     1   2  2  
 3 William Karlsson         Adrian Kempe             Mike Amadio              20     1   2  2  
 4 Stefan Matteau           Andrew Ladd              Joe Pavelski             10     1   2  2  

5 vs 5 Defense 
   Defense                  Defense                                           Time % Phy DF OF 
 1 Will Butcher             PK Subban                                         40     1   2  2  
 2 Radko Gudas              Jakob Chychrun                                    30     1   2  2  
 3 Dalton Prout             Robert Hagg                                       20     1   2  2  
 4 Radko Gudas              Will Butcher                                      10     1   2  2  

PowerPlay Forward 
   Center                   Left Wing                Right Wing               Time % Phy DF OF 
 1 Derek Stepan             Antoine Roussel          Mikko Rantanen           60     1   2  2  
 2 Erik Haula               Adrian Kempe             Jakob Silfverberg        40     1   2  2  

PowerPlay Defense
   Defense                  Defense                                           Time % Phy DF OF 
 1 Radko Gudas              Will Butcher                                      60     1   2  2  
 2 PK Subban                Jakob Chychrun                                    40     1   2  2  

Penalty Kill 4 Players Forward 
   Center                   Wing                     Time % Phy DF OF 
 1 Erik Haula               Mike Amadio              60     1   2  2  
 2 William Karlsson         Antoine Roussel          40     1   2  2  

Penalty Kill 4 Players Defense
   Defense                  Defense                  Time % Phy DF OF 
 1 Radko Gudas              Will Butcher             60     1   2  2  
 2 PK Subban                Robert Hagg              40     1   2  2  

Penalty Kill - 3 Players Forward 
   Forward                                           Time % Phy DF OF 
 1 Derek Stepan                                      60     1   2  2  
 2 Erik Haula                                        40     1   2  2  

Penalty Kill - 3 Players Defense
   Defense                  Defense                  Time % Phy DF OF 
 1 Radko Gudas              Will Butcher             60     1   2  2  
 2 PK Subban                Robert Hagg              40     1   2  2  

4 vs 4 Forward 
   Center                   Wing                     Time % Phy DF OF 
 1 Derek Stepan             Mikko Rantanen           60     1   2  2  
 2 Erik Haula               Jakob Silfverberg        40     1   2  2  

4 vs 4 Defense
   Defense                  Defense                  Time % Phy DF OF 
 1 Radko Gudas              Will Butcher             60     1   2  2  
 2 PK Subban                Jakob Chychrun           40     1   2  2  

Last Minutes Offensive
   Center                   Left Wing                Right Wing               Defense                  Defense                  
   Derek Stepan             Antoine Roussel          Mikko Rantanen           Radko Gudas              Will Butcher             

Last Minutes Defensive
   Center                   Left Wing                Right Wing               Defense                  Defense                  
   Derek Stepan             Antoine Roussel          Mike Amadio              Radko Gudas              Will Butcher             

Goaltenders
Starting : Cam Ward                 
Backup : Ilya Samsonov            

Extra Forwards
Normal : Jakob Silfverberg, Antoine Roussel, Adrian Kempe - PP : Mikko Rantanen, Antoine Roussel - PK : Mike Amadio
Extra Defensemen
Normal : Will Butcher, Robert Hagg, Jakob Chychrun - PP : Will Butcher - PK : Radko Gudas, Robert Hagg
Penalty Shots
Jakob Silfverberg, Mikko Rantanen, Antoine Roussel, Derek Stepan, Erik Haula
Custom OT Lines Forwards
Jakob Silfverberg, Mikko Rantanen, Antoine Roussel, Derek Stepan, Erik Haula, Mike Amadio, Adrian Kempe, Timo Meier, William Karlsson, Joe Pavelski
Custom OT Lines Defensemen
Radko Gudas, Will Butcher, PK Subban, Jakob Chychrun, Robert Hagg

Scratches
Thomas Chabot (Back Spasms Injury)

% Time on Ice - Islanders

Lines # - Real PCT - Wanted PCT - Time Play
Normal Forward
1 - 30% - 40% - 13:58
2 - 31% - 30% - 14:23
3 - 20% - 20% - 9:22
4 - 19% - 10% - 8:46
Normal Defense
1 - 40% - 40% - 18:45
2 - 33% - 30% - 15:09
3 - 24% - 20% - 10:57
4 - 4% - 10% - 1:38
PP Forward
1 - 44% - 60% - 1:45
2 - 56% - 40% - 2:13
PP Defense
1 - 57% - 60% - 2:15
2 - 43% - 40% - 1:43
PK Forward
1 - 82% - 60% - 7:10
2 - 18% - 40% - 1:37
PK Defense
1 - 74% - 60% - 6:30
2 - 26% - 40% - 2:17
PK3 Forward
1 - 0% - 60%
2 - 0% - 40%
PK3 Defense
1 - 0% - 60%
2 - 0% - 40%
44 Forward
1 - 0% - 60%
2 - 0% - 40%
44 Defense
1 - 0% - 60%
2 - 0% - 40%
Last Minute Offensive  - 0:46
Last Minute Defensive  - 0:00
Total
Forward - 60:00
Defense - 60:00

% Time on Ice - Blackhawks

Lines # - Real PCT - Wanted PCT - Time Play
Normal Forward
1 - 32% - 40% - 14:50
2 - 28% - 30% - 13:03
3 - 21% - 20% - 9:32
4 - 19% - 10% - 9:01
Normal Defense
1 - 41% - 40% - 19:01
2 - 30% - 30% - 13:50
3 - 27% - 20% - 12:30
4 - 2% - 10% - 1:05
PP Forward
1 - 55% - 60% - 4:52
2 - 45% - 40% - 3:55
PP Defense
1 - 62% - 60% - 5:27
2 - 38% - 40% - 3:20
PK Forward
1 - 69% - 60% - 2:44
2 - 31% - 40% - 1:14
PK Defense
1 - 60% - 60% - 2:23
2 - 40% - 40% - 1:35
PK3 Forward
1 - 0% - 60%
2 - 0% - 40%
PK3 Defense
1 - 0% - 60%
2 - 0% - 40%
44 Forward
1 - 0% - 60%
2 - 0% - 40%
44 Defense
1 - 0% - 60%
2 - 0% - 40%
Last Minute Offensive  - 0:00
Last Minute Defensive  - 0:49
Total
Forward - 60:00
Defense - 60:00

Play-by-Play

1st period


0:01 of 1st period - Brock McGinn wins face-off versus Derek Stepan in neutral zone.
0:10 of 1st period - Brayden Schenn is hit by Will Butcher and loses puck.
0:19 of 1st period - Will Butcher is hit by Brock McGinn and loses puck.
0:58 of 1st period - Off-side.
0:59 of 1st period - William Karlsson wins face-off versus Jamie Arniel in neutral zone.
1:43 of 1st period - Snap shot by Adrian Kempe.
1:43 of 1st period - Stopped by Tyler Weiman without a rebound.
1:44 of 1st period - Derek Stepan wins face-off versus Brandon Sutter in Islanders zone.
1:47 of 1st period - Wrist shot by Mikko Rantanen.
1:47 of 1st period - Shot Blocked by Ryan Ellis.
2:41 of 1st period - Slapshot by Will Butcher.
2:41 of 1st period - Deflect By Stefan Matteau.
2:41 of 1st period - Shot Misses the Net.
2:41 of 1st period - Puck is out of play.
2:42 of 1st period - Brandon Sutter wins face-off versus Derek Stepan in Islanders zone.
2:53 of 1st period - Snap shot by Antoine Roussel.
2:53 of 1st period - Shot Blocked by Dylan McIlrath.
2:55 of 1st period - Slapshot by Robert Hagg.
2:55 of 1st period - Stopped by Tyler Weiman without a rebound.
2:56 of 1st period - Erik Haula wins face-off versus Michael Latta in Islanders zone.
3:28 of 1st period - Off-side.
3:29 of 1st period - Garnet Hathaway wins face-off versus Derek Stepan in neutral zone.
3:54 of 1st period - Snap shot by Jamie Arniel.
3:54 of 1st period - Stopped by Cam Ward without a rebound.
3:55 of 1st period - Erik Haula wins face-off versus Sergei Plotnikov in Blackhawks zone.
4:39 of 1st period - Brandon Sutter is hit by Antoine Roussel and loses puck.
4:40 of 1st period - Brandon Sutter from Islanders is injured at 4:40 of 1st period (Bruised Right Leg).
4:41 of 1st period - Derek Stepan wins face-off versus Brayden Schenn in Islanders zone.
4:42 of 1st period - Slapshot by Antoine Roussel.
4:42 of 1st period - Shot Misses the Net.
4:44 of 1st period - Slapshot by Will Butcher.
4:44 of 1st period - Stopped by Tyler Weiman with a rebound.
4:46 of 1st period - Snap shot by Derek Stepan.
4:46 of 1st period - Deflect By Brayden Schenn.
4:46 of 1st period - Stopped by Tyler Weiman with a rebound.
4:48 of 1st period - Slapshot by PK Subban.
4:48 of 1st period - Stopped by Tyler Weiman without a rebound.
4:49 of 1st period - Derek Stepan wins face-off versus Brayden Schenn in Islanders zone.
4:54 of 1st period - Slapshot by Derek Stepan.
4:54 of 1st period - Stopped by Tyler Weiman with a rebound.
6:08 of 1st period - Brock McGinn is hit by PK Subban and loses puck.
6:27 of 1st period - Snap shot by Mikko Rantanen.
6:27 of 1st period - Stopped by Tyler Weiman without a rebound.
6:28 of 1st period - Erik Haula wins face-off versus Michael Latta in Islanders zone.
7:04 of 1st period - Dylan McIlrath is hit by William Karlsson and loses puck.
7:21 of 1st period - Michael Latta is hit by Dalton Prout and loses puck.
7:40 of 1st period - Snap shot by Timo Meier.
7:40 of 1st period - Shot Blocked by Kellan Lain.
8:11 of 1st period - Snap shot by Andrew Ladd.
8:11 of 1st period - Shot Misses the Net.
8:13 of 1st period - Snap shot by Andrew Ladd.
8:13 of 1st period - Shot Misses the Net.
8:15 of 1st period - Wrist shot by Joe Pavelski.
8:15 of 1st period - Shot Misses the Net.
8:25 of 1st period - Jakob Chychrun is hit by Sergei Plotnikov and loses puck.
8:48 of 1st period - Jamie Arniel is hit by Radko Gudas and loses puck.
9:46 of 1st period - Icing by Radko Gudas.
9:47 of 1st period - Michael Latta wins face-off versus Stefan Matteau in Blackhawks zone.
9:54 of 1st period - Stefan Matteau is hit by Jason Akeson.
10:00 of 1st period - Slapshot by Andrew Ladd.
10:00 of 1st period - Shot Blocked by Ryan Ellis.
10:31 of 1st period - Minor Penalty to Jakob Silfverberg for Interference.
10:32 of 1st period - Brayden Schenn wins face-off versus Erik Haula in Blackhawks zone.
10:39 of 1st period - Snap shot by Vladimir Tarasenko.
10:39 of 1st period - Shot Misses the Net.
10:41 of 1st period - Snap shot by Ryan Ellis.
10:41 of 1st period - Shot Misses the Net.
11:07 of 1st period - Snap shot by Kellan Lain.
11:07 of 1st period - Shot Misses the Net.
11:53 of 1st period - Icing by Nikita Zadorov.
11:54 of 1st period - Brayden Schenn wins face-off versus William Karlsson in Islanders zone.
12:31 of 1st period - Penalty to Jakob Silfverberg is over, Jakob Silfverberg is back on ice.
12:44 of 1st period - Nikita Zadorov is hit by Antoine Roussel and loses puck.
12:53 of 1st period - Nikita Zadorov is hit by Derek Stepan and loses puck.
13:18 of 1st period - Wrist shot by Sergei Plotnikov.
13:18 of 1st period - Shot Blocked by Robert Hagg.
13:22 of 1st period - Snap shot by Jamie Arniel.
13:22 of 1st period - Stopped by Cam Ward with a rebound.
13:24 of 1st period - Wrist shot by Brian Ferlin.
13:24 of 1st period - Stopped by Cam Ward without a rebound.
13:25 of 1st period - Stefan Matteau wins face-off versus Michael Latta in Blackhawks zone.
13:30 of 1st period - Backhand shot by Stefan Matteau.
13:30 of 1st period - Stopped by Tyler Weiman with a rebound.
13:42 of 1st period - Snap shot by Andrew Ladd.
13:42 of 1st period - Shot Blocked by Yann Sauvé.
13:50 of 1st period - Snap shot by Andrew Ladd.
13:50 of 1st period - Shot Misses the Net.
14:02 of 1st period - Snap shot by Jakob Chychrun.
14:02 of 1st period - Shot Hit the Post.
14:25 of 1st period - Yann Sauvé is hit by Andrew Ladd and loses puck.
14:59 of 1st period - Garnet Hathaway is hit by Andrew Ladd and loses puck.
15:24 of 1st period - Snap shot by Stefan Matteau.
15:24 of 1st period - Shot Misses the Net.
15:26 of 1st period - Minor Penalty to Kellan Lain for Hooking.
15:27 of 1st period - Brayden Schenn wins face-off versus Derek Stepan in Islanders zone.
17:26 of 1st period - Penalty to Kellan Lain is over, Kellan Lain is back on ice.
17:47 of 1st period - Wrist shot by Mike Amadio.
17:47 of 1st period - Goal by Mike Amadio - Islanders : 0 - Blackhawks : 1.
17:48 of 1st period - Brayden Schenn wins face-off versus Erik Haula in neutral zone.
17:48 of 1st period - Brayden Schenn is hit by Dalton Prout.
17:56 of 1st period - Slapshot by Vladimir Tarasenko.
17:56 of 1st period - Shot Misses the Net.
17:58 of 1st period - Slapshot by Brayden Schenn.
17:58 of 1st period - Shot Misses the Net.
18:00 of 1st period - Wrist shot by Brock McGinn.
18:00 of 1st period - Stopped by Cam Ward with a rebound.
19:27 of 1st period - Snap shot by Michael Latta.
19:27 of 1st period - Shot Blocked by Radko Gudas.
19:59 of 1st period - Slapshot by Erik Haula.
19:59 of 1st period - Shot Blocked by Jamie Arniel.
Goals for this period are 0 for Islanders vs 1 for Blackhawks.
Shots for this period are 4 for Islanders vs 9 for Blackhawks.

2nd period


0:01 of 2nd period - Derek Stepan wins face-off versus Brayden Schenn in neutral zone.
0:08 of 2nd period - Slapshot by Vladimir Tarasenko.
0:08 of 2nd period - Shot Misses the Net.
0:26 of 2nd period - Will Butcher is hit by Michael Latta and loses puck.
0:37 of 2nd period - Wrist shot by Jason Akeson.
0:37 of 2nd period - Stopped by Cam Ward with a rebound.
0:39 of 2nd period - Slapshot by Dylan McIlrath.
0:39 of 2nd period - Goal by Dylan McIlrath - Islanders : 1 - Blackhawks : 1.
0:40 of 2nd period - Mikko Rantanen wins face-off versus Brayden Schenn in neutral zone.
0:49 of 2nd period - Slapshot by Mikko Rantanen.
0:49 of 2nd period - Shot Blocked by Gabriel Carlsson.
0:51 of 2nd period - Backhand shot by PK Subban.
0:51 of 2nd period - Shot Misses the Net.
0:53 of 2nd period - Slapshot by PK Subban.
0:53 of 2nd period - Deflect By Antoine Roussel.
0:53 of 2nd period - Stopped by Tyler Weiman without a rebound.
0:54 of 2nd period - Brayden Schenn wins face-off versus Derek Stepan in Islanders zone.
1:30 of 2nd period - Snap shot by Timo Meier.
1:30 of 2nd period - Shot Misses the Net.
1:52 of 2nd period - Off-side.
1:53 of 2nd period - Derek Stepan wins face-off versus Jamie Arniel in neutral zone.
1:59 of 2nd period - Minor Penalty to Jakob Chychrun for High sticking.
2:00 of 2nd period - Erik Haula wins face-off versus Brayden Schenn in Blackhawks zone.
3:30 of 2nd period - Adrian Kempe is hit by Brock McGinn and loses puck.
3:45 of 2nd period - Will Butcher is hit by Nikita Zadorov and loses puck.
3:59 of 2nd period - Penalty to Jakob Chychrun is over, Jakob Chychrun is back on ice.
4:04 of 2nd period - Snap shot by William Karlsson.
4:04 of 2nd period - Shot Misses the Net.
4:06 of 2nd period - Slapshot by Radko Gudas.
4:06 of 2nd period - Stopped by Tyler Weiman with a rebound.
4:08 of 2nd period - Snap shot by William Karlsson.
4:08 of 2nd period - Shot Blocked by Kellan Lain.
4:54 of 2nd period - Slapshot by Will Butcher.
4:54 of 2nd period - Deflect By Mikko Rantanen.
4:54 of 2nd period - Stopped by Tyler Weiman with a rebound.
5:22 of 2nd period - Snap shot by William Karlsson.
5:22 of 2nd period - Stopped by Tyler Weiman without a rebound.
5:23 of 2nd period - William Karlsson wins face-off versus Brock McGinn in Islanders zone.
5:29 of 2nd period - Icing by Dylan McIlrath.
5:30 of 2nd period - Brayden Schenn wins face-off versus Derek Stepan in Islanders zone.
5:55 of 2nd period - Slapshot by Erik Haula.
5:55 of 2nd period - Stopped by Tyler Weiman with a rebound.
6:01 of 2nd period - Wrist shot by Jakob Silfverberg.
6:01 of 2nd period - Deflect By Garnet Hathaway.
6:01 of 2nd period - Shot Misses the Net.
6:01 of 2nd period - Puck is out of play.
6:02 of 2nd period - Derek Stepan wins face-off versus Brayden Schenn in Islanders zone.
6:15 of 2nd period - Wrist shot by Brock McGinn.
6:15 of 2nd period - Deflect By Vladimir Tarasenko.
6:15 of 2nd period - Shot Misses the Net.
6:15 of 2nd period - Puck is out of play.
6:16 of 2nd period - Vladimir Tarasenko wins face-off versus Derek Stepan in Blackhawks zone.
6:32 of 2nd period - Snap shot by Brayden Schenn.
6:32 of 2nd period - Shot Misses the Net.
7:06 of 2nd period - William Karlsson is hit by Jamie Arniel and loses puck.
7:25 of 2nd period - Dylan McIlrath is hit by Andrew Ladd and loses puck.
8:30 of 2nd period - Michael Latta is hit by Mikko Rantanen and loses puck.
8:41 of 2nd period - Jason Akeson is hit by Adrian Kempe and loses puck.
9:04 of 2nd period - Icing by Will Butcher.
9:05 of 2nd period - Erik Haula wins face-off versus Brayden Schenn in Blackhawks zone.
9:39 of 2nd period - Double Minor Penalty to Ryan Ellis for Slashing.
9:40 of 2nd period - Brayden Schenn wins face-off versus Derek Stepan in Islanders zone.
9:50 of 2nd period - Snap shot by Mikko Rantanen.
9:50 of 2nd period - Shot Blocked by Nikita Zadorov.
9:52 of 2nd period - Slapshot by Antoine Roussel.
9:52 of 2nd period - Shot Blocked by Nikita Zadorov.
12:02 of 2nd period - Joe Pavelski is hit by Brady Skjei.
13:39 of 2nd period - Penalty to Ryan Ellis is over, Ryan Ellis is back on ice.
14:01 of 2nd period - Radko Gudas is hit by Nikita Zadorov.
14:23 of 2nd period - Timo Meier is hit by Dylan McIlrath and loses puck.
15:01 of 2nd period - Jason Akeson is hit by Will Butcher.
15:35 of 2nd period - Brayden Schenn is hit by Radko Gudas and loses puck.
16:40 of 2nd period - Derek Stepan is hit by Brady Skjei and loses puck.
18:47 of 2nd period - Slapshot by Radko Gudas.
18:47 of 2nd period - Shot Blocked by Brock McGinn.
19:08 of 2nd period - Mikko Rantanen is hit by Jason Akeson and loses puck.
19:19 of 2nd period - Brian Ferlin is hit by Erik Haula and loses puck.
Goals for this period are 1 for Islanders vs 0 for Blackhawks.
Shots for this period are 2 for Islanders vs 5 for Blackhawks.

3rd period


0:01 of 3rd period - Brayden Schenn wins face-off versus Derek Stepan in neutral zone.
0:30 of 3rd period - Off-side.
0:31 of 3rd period - Erik Haula wins face-off versus Michael Latta in neutral zone.
0:50 of 3rd period - Slapshot by Radko Gudas.
0:50 of 3rd period - Stopped by Tyler Weiman with a rebound.
0:52 of 3rd period - Slapshot by Radko Gudas.
0:52 of 3rd period - Deflect By Erik Haula.
0:52 of 3rd period - Goal by Erik Haula - Islanders : 1 - Blackhawks : 2.
0:53 of 3rd period - Brayden Schenn wins face-off versus Derek Stepan in neutral zone.
1:08 of 3rd period - Wrist shot by Brock McGinn.
1:08 of 3rd period - Stopped by Cam Ward with a rebound.
1:10 of 3rd period - Slapshot by Nikita Zadorov.
1:10 of 3rd period - Shot Blocked by Mikko Rantanen.
1:58 of 3rd period - Backhand shot by PK Subban.
1:58 of 3rd period - Stopped by Tyler Weiman with a rebound.
2:00 of 3rd period - Wrist shot by PK Subban.
2:00 of 3rd period - Stopped by Tyler Weiman without a rebound.
2:01 of 3rd period - Jamie Arniel wins face-off versus Erik Haula in Islanders zone.
2:01 of 3rd period - Jamie Arniel is hit by Jakob Silfverberg.
2:09 of 3rd period - Erik Haula is hit by Brady Skjei and loses puck.
2:18 of 3rd period - Snap shot by Brian Ferlin.
2:18 of 3rd period - Stopped by Cam Ward without a rebound.
2:19 of 3rd period - Brayden Schenn wins face-off versus William Karlsson in Blackhawks zone.
2:20 of 3rd period - Wrist shot by Vladimir Tarasenko.
2:20 of 3rd period - Goal by Vladimir Tarasenko - Islanders : 2 - Blackhawks : 2.
2:21 of 3rd period - Antoine Roussel wins face-off versus Brayden Schenn in neutral zone.
2:24 of 3rd period - Snap shot by Will Butcher.
2:24 of 3rd period - Shot Blocked by Ryan Ellis.
3:26 of 3rd period - Brayden Schenn is hit by Andrew Ladd and loses puck.
3:38 of 3rd period - Minor Penalty to Brock McGinn for Tripping.
3:39 of 3rd period - Brayden Schenn wins face-off versus Derek Stepan in Islanders zone.
5:30 of 3rd period - Nikita Zadorov is hit by Erik Haula and loses puck.
5:38 of 3rd period - Penalty to Brock McGinn is over, Brock McGinn is back on ice.
5:46 of 3rd period - Gabriel Carlsson is hit by Stefan Matteau and loses puck.
6:04 of 3rd period - Icing by Brady Skjei.
6:05 of 3rd period - William Karlsson wins face-off versus Brayden Schenn in Islanders zone.
6:10 of 3rd period - Snap shot by William Karlsson.
6:10 of 3rd period - Shot Misses the Net.
6:48 of 3rd period - Slapshot by Mikko Rantanen.
6:48 of 3rd period - Deflect By Derek Stepan.
6:48 of 3rd period - Shot Misses the Net.
6:48 of 3rd period - Puck is out of play.
6:49 of 3rd period - Michael Latta wins face-off versus Erik Haula in Islanders zone.
6:49 of 3rd period - Michael Latta is hit by PK Subban.
6:57 of 3rd period - Wrist shot by Michael Latta.
6:57 of 3rd period - Shot Misses the Net.
7:02 of 3rd period - Icing by Will Butcher.
7:03 of 3rd period - Brock McGinn wins face-off versus Erik Haula in Blackhawks zone.
7:12 of 3rd period - Wrist shot by Brayden Schenn.
7:12 of 3rd period - Stopped by Cam Ward with a rebound.
7:30 of 3rd period - Snap shot by Michael Latta.
7:30 of 3rd period - Stopped by Cam Ward without a rebound.
7:31 of 3rd period - Derek Stepan wins face-off versus Michael Latta in Blackhawks zone.
7:31 of 3rd period - Derek Stepan is hit by Garnet Hathaway.
7:41 of 3rd period - Snap shot by Mikko Rantanen.
7:41 of 3rd period - Stopped by Tyler Weiman with a rebound.
7:57 of 3rd period - Brock McGinn is hit by Jakob Chychrun and loses puck.
8:22 of 3rd period - Wrist shot by Sergei Plotnikov.
8:22 of 3rd period - Stopped by Cam Ward with a rebound.
8:39 of 3rd period - Brady Skjei is hit by PK Subban and loses puck.
8:46 of 3rd period - Derek Stepan is hit by Gabriel Carlsson and loses puck.
9:07 of 3rd period - Snap shot by Brayden Schenn.
9:07 of 3rd period - Stopped by Cam Ward with a rebound.
9:09 of 3rd period - Snap shot by Gabriel Carlsson.
9:09 of 3rd period - Shot Blocked by Andrew Ladd.
9:11 of 3rd period - Slapshot by Gabriel Carlsson.
9:11 of 3rd period - Shot Blocked by Joe Pavelski.
9:23 of 3rd period - Slapshot by Ryan Ellis.
9:23 of 3rd period - Deflect By Robert Hagg.
9:23 of 3rd period - Stopped by Cam Ward with a rebound.
10:04 of 3rd period - Snap shot by Michael Latta.
10:04 of 3rd period - Shot Misses the Net.
10:06 of 3rd period - Wrist shot by Michael Latta.
10:06 of 3rd period - Stopped by Cam Ward without a rebound.
10:07 of 3rd period - Derek Stepan wins face-off versus Brayden Schenn in Blackhawks zone.
10:15 of 3rd period - Wrist shot by Vladimir Tarasenko.
10:15 of 3rd period - Shot Blocked by Will Butcher.
10:21 of 3rd period - Wrist shot by Brock McGinn.
10:21 of 3rd period - Stopped by Cam Ward with a rebound.
10:23 of 3rd period - Slapshot by Nikita Zadorov.
10:23 of 3rd period - Shot Misses the Net.
10:33 of 3rd period - Nikita Zadorov is hit by Adrian Kempe and loses puck.
11:31 of 3rd period - PK Subban is hit by Michael Latta and loses puck.
12:16 of 3rd period - Wrist shot by Adrian Kempe.
12:16 of 3rd period - Shot Misses the Net.
12:42 of 3rd period - Slapshot by Joe Pavelski.
12:42 of 3rd period - Shot Blocked by Yann Sauvé.
14:13 of 3rd period - Dalton Prout is hit by Ryan Ellis and loses puck.
14:24 of 3rd period - Brock McGinn is hit by Dalton Prout and loses puck.
14:33 of 3rd period - Wrist shot by Adrian Kempe.
14:33 of 3rd period - Stopped by Tyler Weiman without a rebound.
14:34 of 3rd period - Michael Latta wins face-off versus Derek Stepan in Islanders zone.
14:34 of 3rd period - Michael Latta is hit by Antoine Roussel.
14:41 of 3rd period - Off-side.
14:42 of 3rd period - Antoine Roussel wins face-off versus Michael Latta in neutral zone.
14:56 of 3rd period - Snap shot by Derek Stepan.
14:56 of 3rd period - Stopped by Tyler Weiman with a rebound.
14:58 of 3rd period - Wrist shot by Antoine Roussel.
14:58 of 3rd period - Shot Misses the Net.
15:00 of 3rd period - Snap shot by Derek Stepan.
15:00 of 3rd period - Shot Misses the Net.
15:02 of 3rd period - Slapshot by Will Butcher.
15:02 of 3rd period - Shot Misses the Net.
15:08 of 3rd period - Slapshot by Mikko Rantanen.
15:08 of 3rd period - Stopped by Tyler Weiman with a rebound.
15:15 of 3rd period - Wrist shot by Derek Stepan.
15:15 of 3rd period - Shot Misses the Net.
15:30 of 3rd period - Minor Penalty to Michael Latta for Tripping.
15:31 of 3rd period - Erik Haula wins face-off versus Brayden Schenn in Islanders zone.
15:31 of 3rd period - Snap shot by Will Butcher.
15:31 of 3rd period - Stopped by Tyler Weiman with a rebound.
15:33 of 3rd period - Slapshot by Jakob Silfverberg.
15:33 of 3rd period - Shot Blocked by Brock McGinn.
15:35 of 3rd period - Snap shot by Will Butcher.
15:35 of 3rd period - Shot Blocked by Ryan Ellis.
15:37 of 3rd period - Snap shot by Adrian Kempe.
15:37 of 3rd period - Shot Misses the Net.
15:39 of 3rd period - Wrist shot by Jakob Silfverberg.
15:39 of 3rd period - Shot Blocked by Nikita Zadorov.
15:41 of 3rd period - Wrist shot by Adrian Kempe.
15:41 of 3rd period - Deflect By Erik Haula.
15:41 of 3rd period - Shot Misses the Net.
15:41 of 3rd period - Puck is out of play.
15:42 of 3rd period - Antoine Roussel wins face-off versus Brayden Schenn in Islanders zone.
16:20 of 3rd period - Slapshot by Jakob Silfverberg.
16:20 of 3rd period - Goal by Jakob Silfverberg - Islanders : 2 - Blackhawks : 3.
16:21 of 3rd period - William Karlsson wins face-off versus Michael Latta in neutral zone.
17:25 of 3rd period - Wrist shot by Mikko Rantanen.
17:25 of 3rd period - Shot Misses the Net.
17:27 of 3rd period - Wrist shot by Antoine Roussel.
17:27 of 3rd period - Stopped by Tyler Weiman without a rebound.
17:28 of 3rd period - Brayden Schenn wins face-off versus Adrian Kempe in Islanders zone.
17:33 of 3rd period - Will Butcher is hit by Brayden Schenn and loses puck.
17:44 of 3rd period - Brock McGinn is hit by Mike Amadio and loses puck.
17:55 of 3rd period - Will Butcher is hit by Garnet Hathaway and loses puck.
18:08 of 3rd period - Slapshot by Brady Skjei.
18:08 of 3rd period - Shot Blocked by Will Butcher.
18:34 of 3rd period - Radko Gudas is hit by Brady Skjei and loses puck.
19:22 of 3rd period - Snap shot by Antoine Roussel.
19:22 of 3rd period - Shot Misses the Net.
19:24 of 3rd period - Wrist shot by Derek Stepan.
19:24 of 3rd period - Shot Blocked by Michael Latta.
19:26 of 3rd period - Snap shot by Robert Hagg.
19:26 of 3rd period - Stopped by Tyler Weiman without a rebound.
19:27 of 3rd period - Jacques Martin call a timeout for Islanders.
19:27 of 3rd period - Michael Latta wins face-off versus Mike Amadio in Islanders zone.
19:52 of 3rd period - Islanders, Tyler Weiman is pulled from the net.
19:52 of 3rd period - Snap shot by Michael Latta.
19:52 of 3rd period - Goal by Michael Latta - Islanders : 3 - Blackhawks : 3.
19:52 of 3rd period - Tyler Weiman from Islanders was sent back in the game.
19:53 of 3rd period - Jason Akeson wins face-off versus William Karlsson in neutral zone.
Goals for this period are 2 for Islanders vs 2 for Blackhawks.
Shots for this period are 11 for Islanders vs 12 for Blackhawks.

Overtime #1


0:01 of 1st overtime period - Mikko Rantanen wins face-off versus Brayden Schenn in neutral zone.
0:04 of 1st overtime period - Snap shot by Radko Gudas.
0:04 of 1st overtime period - Stopped by Tyler Weiman without a rebound.
0:05 of 1st overtime period - Mikko Rantanen wins face-off versus Brayden Schenn in Islanders zone.
0:34 of 1st overtime period - Slapshot by Radko Gudas.
0:34 of 1st overtime period - Shot Blocked by Kellan Lain.
2:39 of 1st overtime period - Icing by Will Butcher.
2:40 of 1st overtime period - Mikko Rantanen wins face-off versus Jason Akeson in Blackhawks zone.
2:49 of 1st overtime period - Slapshot by Antoine Roussel.
2:49 of 1st overtime period - Shot Misses the Net.
3:05 of 1st overtime period - Wrist shot by Derek Stepan.
3:05 of 1st overtime period - Shot Blocked by Nikita Zadorov.
3:07 of 1st overtime period - Wrist shot by Will Butcher.
3:07 of 1st overtime period - Stopped by Tyler Weiman with a rebound.
3:09 of 1st overtime period - Slapshot by Will Butcher.
3:09 of 1st overtime period - Shot Misses the Net.
3:11 of 1st overtime period - Wrist shot by Jakob Silfverberg.
3:11 of 1st overtime period - Deflect By Derek Stepan.
3:11 of 1st overtime period - Stopped by Tyler Weiman with a rebound.
3:13 of 1st overtime period - Snap shot by Derek Stepan.
3:13 of 1st overtime period - Shot Blocked by Brayden Schenn.
3:27 of 1st overtime period - Slapshot by Derek Stepan.
3:27 of 1st overtime period - Goal by Derek Stepan - Islanders : 3 - Blackhawks : 4.
Goals for this period are 0 for Islanders vs 1 for Blackhawks.
Shots for this period are 0 for Islanders vs 4 for Blackhawks.